 Dungeon Crawl Stone Soup version 0.22.1-6-g1668fe2 (webtiles) character file.

54 Gingerlord the Charlatan (level 4, -2/28 HPs)
             Began as a Halfling Artificer on Jan 26, 2019.
             Slain by a gnoll
             ... wielding a +0 flail
              (12 damage)
             ... on level 2 of the Dungeon.
             The game lasted 00:03:03 (1274 turns).

Gingerlord the Charlatan (Halfling Artificer)       Turns: 1274, Time: 00:03:03

Health: -2/28      AC:  3    Str: 14    XL:     4   Next: 12%
Magic:  6/6        EV: 14    Int:  9    God:
Gold:   92         SH:  4    Dex: 14    Spells: 3/3 levels left

rFire    . . .     SeeInvis .   a - +1 short sword
rCold    . . .     Gourm    .   n - +0 buckler
rNeg     . . .     Faith    .   b - +0 leather armour
rPois    .         Spirit   .   (no helmet)
rElec    .         Reflect  .   (no cloak)
rCorr    .         Harm     .   (no gloves)
MR       .....                  (no boots)
Stlth    ++........             (no amulet)
HPRegen  0.09/turn              i - ring of stealth
MPRegen  0.10/turn              (no ring)

@: no status effects
A: small, mutation resistance 1
a: no special abilities


You were on level 2 of the Dungeon.
You were not hungry.

You visited 1 branch of the dungeon, and saw 2 of its levels.

You collected 92 gold pieces.

Inventory:

Hand Weapons
 a - a +1 short sword (weapon)
Armour
 b - a +0 leather armour (worn)
 n - a +0 buckler (worn)
Jewellery
 i - a ring of stealth (left hand)
Wands
 c - a wand of flame (9)
 d - a wand of enslavement (11)
 e - a wand of random effects (15)
Scrolls
 h - 2 scrolls of identify {unknown}
 k - a scroll of blinking {unknown}
 m - 2 scrolls of enchant armour {unknown}
Potions
 g - a potion of magic {unknown}
 j - a potion of agility {unknown}
 l - a potion of ambrosia {unknown}
 o - a potion of lignification {unknown}
Comestibles
 f - 2 rations


   Skills:
 * Level 1.4 Fighting
 * Level 2.1 Short Blades
 * Level 1.3 Armour
 * Level 2.8 Dodging
 - Level 1.1 Stealth
 * Level 0.6 Shields
 + Level 3.3 Evocations


You had 3 spell levels left.
You didn't know any spells.
Your spell library was empty.

Dungeon Overview and Level Annotations

Branches:
Dungeon (2/15)

Altars:

Annotations:
D:2 Sigmund


Innate Abilities, Weirdness & Mutations

You are small and have problems with some larger weapons.
You are somewhat resistant to further mutation.


Message History

Your gnoll looks more experienced.
Evoke which item? (* to show all) (? for menu, Esc to quit)
Aiming: Throw Flame
Press: ? - help, Shift-Dir - straight line, f - gnoll
Aim: a gnoll, wielding a flail (moderately wounded, in your thrall, friendly) Really fire at your gnoll?
The puff of flame hits your gnoll.
Your gnoll is heavily wounded.
The gnoll is no longer charmed.
The gnoll shouts!
Your shield prevents you from hitting the gnoll.
The gnoll is heavily wounded.
The gnoll hits you with a flail!
You hit the gnoll.
The gnoll is severely wounded.
The gnoll hits you but does no damage.
You closely miss the gnoll.
The gnoll is severely wounded.
The gnoll hits you with a flail!
You die...

# #.# . #.# # .#..########.#
# ........<.##.############ #
#..#####.##.#..........#
######.....##.##........###.#
...................####.# #.#
..#
##.#...#.####..####.###.#####
..#
##.##.†.g@................
..# #. #).###..####.###.#####
..# # #).# #..# #.....# ..#
#..# #..# ####..# ..# ...#
#..# #..# .<# ..... ..# #..#
..#######...... ..# #...
.............## #.. ...#
#.......... ####


You could see a gnoll.

Vanquished Creatures
  A gnoll (D:2)
  An ooze (D:1)
  2 dart slugs (D:1)
  A leopard gecko (D:1)
  3 goblins
  6 hobgoblins
  4 kobolds
  A ball python (D:1)
  A bat (D:1)
  3 frilled lizards (D:1)
  2 rats (D:1)
25 creatures vanquished.

Vanquished Creatures (collateral kills)
  A gnoll (D:2)
  A worm (D:2)
2 creatures vanquished.

Vanquished Creatures (others)
  A gnoll (D:2)
1 creature vanquished.

Grand Total: 28 creatures vanquished

Notes
Turn   | Place    | Note
-------+----------+-------------------------------------------
     0 | D:1      | Gingerlord the Halfling Artificer began the quest for the
                  | Orb.
     0 | D:1      | Reached XP level 1. HP: 12/12 MP: 3/3
    90 | D:1      | Reached skill level 1 in Fighting
   129 | D:1      | Reached XP level 2. HP: 9/18 MP: 4/4
   449 | D:1      | Reached skill level 1 in Armour
   449 | D:1      | Reached XP level 3. HP: 23/23 MP: 5/5
  1119 | D:2      | Noticed Sigmund
  1270 | D:2      | Reached XP level 4. HP: 21/28 MP: 6/6
  1274 | D:2      | Slain by a gnoll

Skill      XL: |  1  2  3 |
---------------+----------+-----
Fighting       | 1 |  1.4
Armour         | 1 |  1.3
Short Blades   | 2 |  2.1
Dodging        | |  2.8
Stealth        | |  1.1
Shields        | |  0.6
Evocations     | |  3.3

Action                   |  1- 3 |  4- 6 || total
-------------------------+-------+-------++-------
Melee: Short sword       |    83 |     3 ||    86
Evoke: Wand              |     9 |     1 ||    10
  Use: Scroll            |     2 |       ||     2
 Stab: Sleeping          |     8 |       ||     8
  Eat: Chunk             |     1 |       ||     1
Armor: Leather armour    |     7 |     1 ||     8
Dodge: Dodged            |    42 |       ||    42
Block: Buckler           |     2 |       ||     2
